 Dungeon Crawl Stone Soup version 0.22-a0-135-g6f012ad52b (webtiles) character file.

53 MrRokkomies the Bolt Thrower (level 4, 0/28 HPs)
             Began as a Kobold Hunter on Feb 1, 2018.
             Was an Initiate of Okawaru.
             Slain by an orc
             ... wielding a +0 hand axe
              (6 damage)
             ... on level 3 of the Dungeon.
             The game lasted 00:03:39 (1772 turns).

MrRokkomies the Bolt Thrower (Kobold Hunter)        Turns: 1772, Time: 00:03:40

Health: 0/28       AC:  8    Str: 10    XL:     4   Next: 11%
Magic:  4/4        EV: 13    Int: 12    God:    Okawaru [......]
Gold:   31         SH:  0    Dex: 15    Spells: 3/3 levels left

rFire    + . .     SeeInvis .   b - +0 short sword
rCold    . . .     Gourm    .   (shield restricted)
rNeg     . . .     Faith    .   i - +1 ring mail {rF+}
rPois    .         Spirit   .   e - +1 hat
rElec    .         Reflect  .   (no cloak)
rCorr    .         Harm     .   (no gloves)
MR       .....                  (no boots)
Stlth    +.........             (no amulet)
HPRegen  0.09/turn              (no ring)
MPRegen  0.09/turn              (no ring)

@: lethally poisoned (0 -> -9), berserk cooldown, hasted and slowed
A: small, hooves 1, carnivore, shaggy fur 1
a: Renounce Religion


You were on level 3 of the Dungeon.
You worshipped Okawaru.
Okawaru was noncommittal.
You were not hungry.

You visited 1 branch of the dungeon, and saw 3 of its levels.

You collected 31 gold pieces.

Inventory:

Hand Weapons
 a - a +1 hand crossbow
 b - a +0 short sword (weapon)
Missiles
 d - 16 bolts
Armour
 e - a +1 hat (worn)
 i - a +1 ring mail of fire resistance (worn)
Comestibles
 f - 3 rations


   Skills:
 * Level 3.5 Fighting
 * Level 5.7 Crossbows
 - Level 2.4 Dodging
 - Level 1.3 Stealth


You had 3 spell levels left.
You didn't know any spells.

Dungeon Overview and Level Annotations

Branches:
Dungeon (3/15)

Altars:
Okawaru
Vehumet


Innate Abilities, Weirdness & Mutations

You are small and have problems with some larger weapons.
You are carnivorous and can eat meat at any time.
You have large cloven feet.
You are covered in fur. (AC +1)


Message History

You are no longer berserk.
You are exhausted.
You feel yourself slow down.
The orc shouts!
An orc comes into view.
There is a stone staircase leading up here.
Things that are here:
a trident; 5 tomahawks of returning; an orc corpse
As you read the scroll labeled FUYTSISULU, it crumbles to dust.
It is a scroll of enchant armour.
Your +0 hat glows green for a moment.
* * * LOW HITPOINT WARNING * * *
You feel sick.
The orc shouts!
The orc hits you but does no damage.
The orc throws a tomahawk.
The tomahawk hits you but does no damage.
It was a potion of haste.
You feel yourself speed up.
* * * LOW HITPOINT WARNING * * *
You feel sick. The orc hits you with a hand axe.
You die...

#............#.#
..........####.#
..........# .#
........((# .. .
...(...(..## #...
..(....†...# #..
.###.##(†#.# r.
...###..o#o####.
..........@.......
...##......o.###..
. ....####......
.### #......#
#......# #......#
#......# #......#


You could see 3 orcs and a rat.

Vanquished Creatures
  2 oozes
  A worm (D:3)
  A leopard gecko (D:3)
  2 orcs (D:3)
  5 hobgoblins
  7 jackals
  3 kobolds
  A quokka (D:3)
  4 bats (D:1)
  5 goblins
  4 rats
35 creatures vanquished.

Notes
Turn   | Place    | Note
-------+----------+-------------------------------------------
     0 | D:1      | MrRokkomies the Kobold Hunter began the quest for the Orb.
     0 | D:1      | Reached XP level 1. HP: 12/12 MP: 1/1
   260 | D:1      | Reached skill level 5 in Crossbows
   264 | D:1      | Reached XP level 2. HP: 11/18 MP: 2/2
  1165 | D:2      | Found an iron altar of Okawaru.
  1173 | D:2      | Became a worshipper of Warmaster Okawaru
  1188 | D:2      | Found a radiant altar of Vehumet.
  1385 | D:2      | Reached XP level 3. HP: 18/23 MP: 3/3
  1458 | D:2      | Gained mutation: You are covered in fur. (AC +1) [potion of mutation]
  1458 | D:2      | Gained mutation: You have large cloven feet. [potion of mutation]
  1761 | D:3      | Reached XP level 4. HP: 18/28 MP: 4/4
  1772 | D:3      | Slain by an orc

Vault maps used:
D:1:      lemuel_arrival_broad_hall
D:2:      okawaru_gym_becter, fiery_altar_vehumet, first_ration,
          wad_floor_pattern_2

Skill      XL: |  1  2 |
---------------+-------+-----
Crossbows      | 5 |  5.7
Fighting       | 3 |  3.5
Dodging        | |  2.4
Stealth        | |  1.3

Action                   |  1- 3 |  4- 6 || total
-------------------------+-------+-------++-------
Melee: Short sword       |    83 |     5 ||    88
       Kick              |    10 |     1 ||    11
 Fire: Hand crossbow     |    10 |       ||    10
  Use: Scroll            |     3 |     1 ||     4
       Potion            |     2 |     1 ||     3
  Eat: Chunk             |     3 |       ||     3
Armor: Leather armour    |     7 |       ||     7
       Ring mail         |    31 |     3 ||    34
Dodge: Dodged            |    84 |     6 ||    90

Table legend:
 A = Spawn XP
 B = Non-spawn XP
 C = Spawn XP percentage of total XP
 D = Spawn monster count
 E = Non-spawn monster count
 F = Spawn count percentage of total count
 G = Total turns spent on level
                    A         B        C        D         E        F      G
               +---------+---------+-------+---------+---------+-------+---------
         Total |       0 |      77 |   0.0 |       0 |      35 |   0.0 |  1772
               +---------+---------+-------+---------+---------+-------+---------
           D:1 |       0 |      21 |   0.0 |       0 |      13 |   0.0 |  1007
           D:2 |       0 |      24 |   0.0 |       0 |      10 |   0.0 |   686
           D:3 |       0 |      32 |   0.0 |       0 |      12 |   0.0 |    79
               +---------+---------+-------+---------+---------+-------+---------
